 Dungeon Crawl Stone Soup version 0.29-a0-813-g4a14ea37d6 (webtiles) character file.

Game seed: 9493296867475119988

66 LynnLen the Sneak (level 3, 0/19 HPs)
             Began as a Vampire Enchanter on July 4, 2022.
             Slain by an orc
             ... wielding a +0 falchion
              (2 damage)
             ... on level 3 of the Dungeon.
             The game lasted 00:10:01 (2252 turns).

LynnLen the Sneak (Vampire Enchanter)               Turns: 2252, Time: 00:10:01

Health: 0/19       AC:  5    Str:  7    XL:     3   Next: 96%
Magic:  6/6        EV: 12    Int: 17    God:
Gold:   134        SH:  0    Dex: 16    Spells: 0/6 levels left

rFire   . . .      SeeInvis +   a - +1 dagger
rCold   + + .      Faith    .   (no shield)
rNeg    + + +      Spirit   .   f - +0 leather armour
rPois   ∞          Reflect  .   g - +2 hat
rElec   .          Harm     .   (no cloak)
rCorr   +          Rampage  .   (no gloves)
Will    +....                   (no boots)
Stlth   +++++.....              (no amulet)
HPRegen 0.00/turn               d - ring of resist corrosion
MPRegen 0.10/turn               p - ring of willpower

@: bloodless, inhibited regen
A: bloodless, fangs 3, see invisible, vampiric 2
a: Bat Form, Revivify


You were on level 3 of the Dungeon.
You visited 1 branch of the dungeon, and saw 3 of its levels.

You collected 134 gold pieces.

Inventory:

Hand Weapons
 a - a +1 dagger (weapon)
Missiles
 k - 10 poisoned darts (quivered)
 m - 5 boomerangs
 o - 13 stones
Armour
 f - a +0 leather armour (worn)
 g - a +2 hat (worn)
Jewellery
 d - a ring of resist corrosion (left hand)
 p - a ring of willpower (right hand)
Scrolls
 e - a scroll of teleportation
 i - a scroll of fear
 j - a scroll of noise {unknown}
 l - 2 scrolls of enchant weapon {unknown}
Potions
 b - a potion of might
 c - 3 potions of invisibility
 h - 4 potions of curing
 n - a potion of flight {unknown}
 q - a potion of brilliance {unknown}


   Skills:
 + Level 1.3 Short Blades
 * Level 2.7 Dodging
 * Level 6.3 Stealth
 * Level 2.3 Spellcasting
 * Level 4.7 Hexes


You couldn't memorise any spells.
You knew the following spells:

 Your Spells              Type           Power      Damage    Failure   Level
a - Confusing Touch       Hex            18%        N/A       12%         3
b - Tukima's Dance        Hex            18%        N/A       12%         3

Your spell library contained the following spells:

 Spells                   Type           Power      Damage    Failure   Level
 Ensorcelled Hibernation  Hex/Ice        20%        N/A       16%         2
 Dazzling Flash           Conj/Hex       20%        N/A       32%         3
 Sublimation of Blood     Necr           2%         N/A       38%         2
 Wereblood                Tmut           2%         N/A       38%         2
 Summon Hydra             Summ           1%         N/A       100%        7


Dungeon Overview and Level Annotations

Branches:
Dungeon (3/15)

Altars:
Gozag


Innate Abilities, Weirdness & Mutations

You do not regenerate when monsters are visible.
You are frail without blood (-20% HP).
You can heal yourself when you bite living creatures.
You are immune to poison.
You have razor-sharp teeth.
You have supernaturally acute eyesight. (SInv)
You are afflicted with vampirism and can become a bat while bloodless.


Message History

r - a scroll of identify
As you read the scroll of identify, it crumbles to dust.
b - a potion of might
Found a leather armour.
Found a ring mail.
Found a whip.
A ball python comes into view.
An orc wizard comes into view.
It is wielding a +0 dagger. 2 orcs and an orc priest come into view.
The orc shouts!
The orc moves out of view.
Okay, then.
Found an opulent altar of Gozag.
A ball python comes into view.
An orc comes into view. It is wielding a +0 falchion.
The orc shouts!
The orc wizard casts a spell.
The orc wizard flickers and vanishes for a moment.
The orc hits you but does no damage. The orc closely misses you.
You closely miss the orc. The orc closely misses you.
You hit the orc. Your bite misses the orc.
The orc is severely wounded.
The orc closely misses you. The orc hits you with a +0 mace.
The orc shouts!
You hit the orc.
You kill the orc!
You hear a shout!
The orc closely misses you.
You hear an angry hiss.
The orc attacks as you move away! The orc closely misses you.
The orc closely misses you. The orc hits you but does no damage.
The orc priest mumbles some strange prayers to Beogh against you.
Beogh smites you!
Ouch! That really hurt!
* * * LOW HITPOINT WARNING * * *
The orc barely misses you. The orc hits you with a +0 falchion.
You die...

#..........# #>.........##.≈≈
#....<.....# ##.#####.o....≈≈
#..........# ##.#####.#....≈≈
#..........###..............≈
#####.................)...###....
#........##...###...o#########.##
#...............#.o####..... #..#
#.......##.......o.# #...< #.#
##########......@######).. ..
#............... .
########........#####.#
#.....##......#..####.####
#.....#.......##......)..####
##.....#........................
##..............###........######
#........).###### ##.......#
#.###.†###.# #.......#


You could see an orc wizard (invisible) and 2 orcs.

Vanquished Creatures
  An adder (D:2)
  3 dart slugs
  A worm (D:2)
  An orc (D:3)
  4 ball pythons
  4 endoplasms
  A giant cockroach (D:2)
  7 goblins
  6 hobgoblins
  5 kobolds
  A quokka (D:2)
  4 bats
  2 frilled lizards (D:1)
  5 rats
45 creatures vanquished.

Notes
Turn   | Place    | Note
-------+----------+-------------------------------------------
     0 | D:1      | LynnLen the Vampire Enchanter began the quest for the Orb.
     0 | D:1      | Reached XP level 1. HP: 13/13 MP: 3/3
   369 | D:1      | Reached XP level 2. HP: 15/15 MP: 5/5
   456 | D:1      | Reached skill level 5 in Stealth
   886 | D:1      | Gained mutation: You are afflicted with vampirism and can
                  | become a bat while bloodless. [Vampire growth]
   886 | D:1      | Reached XP level 3. HP: 19/19 MP: 6/6
   890 | D:1      | Learned a level 3 spell: Confusing Touch
   894 | D:1      | Learned a level 3 spell: Tukima's Dance
  1578 | D:2      | Reached skill level 6 in Stealth
  2029 | D:3      | Found a faded altar of an unknown god.
  2218 | D:3      | Found an opulent altar of Gozag.
  2252 | D:3      | Slain by an orc

Illustrated notes

Levels and vault maps discovered:
D:1:      noname_arrival_rooms_in_the_neighbourhood, layout_loops_ring
D:2:      layout_basic
D:3:      layout_rooms, mainiacjoe_overflow_catwalk,
          hellmonk_ecumenical_altar_lost_god

Skill      XL: |  1  2  3 |
---------------+----------+-----
Stealth        | 5 6 |  6.3
Short Blades   | |  1.3
Dodging        | |  2.7
Spellcasting   | |  2.3
Hexes          | |  4.7

Action                   || total
-------------------------++-------
Melee: Dagger            ||    85
       Bite              ||     2
 Abil: Exsanguinate      ||     1
  Use: Scroll            ||     5
 Stab: Sleeping          ||    33
Armor: Robe              ||     5
       Leather armour    ||    13
Dodge: Dodged            ||    38

Table legend: (Time is in decaauts)
 A = Elapsed time spent in this place.
 B = Non-inter-level travel time spent in this place.
 C = Inter-level travel time spent in this place.
 D = Time resting spent in this place.
 E = Time spent auto-exploring this place.
 F = Levels seen in this place.
 G = Mean time per level.
                   A        B        C        D        E       F      G
               +--------+--------+--------+--------+--------+-----+--------+
         Total |   2246 |   2246 |      0 |      0 |   1390 |   3 |  748.7 |
       Dungeon |   2246 |   2246 |      0 |      0 |   1390 |   3 |  748.7 |
               +--------+--------+--------+--------+--------+-----+--------+

Top non-repeatable levels by time:
     D:1: 1103 daAuts
     D:2: 861 daAuts
     D:3: 280 daAuts
